 Dungeon Crawl Stone Soup version 0.31-a0-631-g285b096dc4 (webtiles) character file.

Game seed: 18259487869815932017

8032 Newt the Basher (level 11, 0/69 HPs)
             Began as a Gargoyle Fighter on Aug 25, 2023.
             Was a High Priest of Okawaru.
             Killed by divine providence
             ... invoked by an orc priest
              (15 damage)
             ... on level 10 of the Dungeon.
             The game lasted 00:09:00 (8852 turns).

Newt the Basher (Gargoyle Fighter)                  Turns: 8852, Time: 00:09:01

Health: 0/69       AC: 16    Str: 23    XL:     11   Next: 24%
Magic:  11/11      EV: 15    Int:  8    God:    Okawaru [*****.]
Gold:   1730       SH:  5    Dex: 17    Spells: 10/10 levels left

rFire   + . .        G - +11 whip of Pacudisu {drain, rElec}
rCold   + . .        c - +0 buckler
rNeg    + . .        M - +0 troll leather armour
rPois   ∞            h - +0 helmet
rElec   +            X - scarf {rC+ rF+}
rCorr   .            (no gloves)
SInv    .            i - +2 pair of boots
Will    .....        (no amulet)
Stlth   +            p - +5 ring of evasion
HPRegen 1.11/turn    B - +6 ring of dexterity
MPRegen 0.12/turn

%: no passive effects
@: no status effects
A: sickness immunity, AC +8, negative energy resistance 1, electricity
resistance, torment resistance 1, petrification resistance
a: Renounce Religion, Heroism, Finesse, Duel


You were on level 10 of the Dungeon.
You worshipped Okawaru.
Okawaru was extremely pleased with you.
You visited 2 branches of the dungeon, and saw 11 of its levels.
You also visited: Bailey.

You collected 2612 gold pieces.
You spent 882 gold pieces at shops.

Inventory:

Hand Weapons
 a - a +0 flail
 r - a +3 war axe of venom
 s - the +9 dagger of the Charmed God {venom, rC+ Str+4}
   (You took it off a goblin on level 4 of the Dungeon)

   Str+4:     It affects your strength (+4).
   rC+:       It protects you from cold.
 G - the +11 whip of Pacudisu (weapon) {drain, rElec}
   (You bought it in a shop on level 7 of the Dungeon)

   rElec:     It insulates you from electricity.
Missiles
 e - 25 boomerangs (quivered)
 x - a throwing net
 z - 8 javelins
 T - 2 curare-tipped darts
Armour
 b - a +0 scale mail
 c - a +0 buckler (worn)
 h - a +0 helmet (worn)
 i - a +2 pair of boots (worn)
 M - a +0 troll leather armour (worn)
 O - a +0 cloak
 X - a scarf of resistance (worn)
Jewellery
 p - a +5 ring of evasion (left hand)
 v - a ring of fire
 B - a +6 ring of dexterity (right hand)
 P - a ring of protection from cold
Wands
 u - a wand of flame (54)
 A - a wand of mindburst (12)
 C - a wand of polymorph (23)
 H - a wand of roots (13)
 Y - a wand of acid (5)
Scrolls
 f - 4 scrolls of teleportation
 g - 2 scrolls of amnesia
 o - a scroll of enchant armour {unknown}
 q - 2 scrolls of vulnerability {unknown}
 t - 3 scrolls of poison
 y - 2 scrolls of noise
 D - 2 scrolls of fog {unknown}
 E - 2 scrolls of enchant weapon
 J - a scroll of brand weapon {unknown}
 K - 3 scrolls of blinking
 L - a scroll of fear {unknown}
 Q - a scroll of torment {unknown}
 R - a scroll of revelation {unknown}
 S - a scroll of immolation {unknown}
 W - a scroll of silence {unknown}
Potions
 d - 7 potions of might
 j - a potion of curing
 k - 3 potions of cancellation
 l - 2 potions of heal wounds
 m - a potion of lignification
 n - 2 potions of brilliance {unknown}
 w - 3 potions of enlightenment {unknown}
 F - a potion of mutation {unknown}
 I - 3 potions of haste
 N - 2 potions of invisibility {unknown}
 U - 3 potions of magic
 V - a potion of berserk rage {unknown}


   Skills:
 + Level 8.7 Fighting
 - Level 8.0 Short Blades
 - Level 3.4(6.6) Axes
 - Level 9.6(10.0) Maces & Flails
 - Level 4.0 Throwing
 - Level 7.0 Armour
 - Level 3.2 Shields
 - Level 2.1 Evocations


You had 10 spell levels left.
You didn't know any spells.
Your spell library contained the following spells:

 Spells                   Type           Power      Damage    Failure   Level
 Necrotise                Necr           0%         1d4       52%         1
 Hailstorm                Conj/Ice       0%         3d3       87%         3
 Vampiric Draining        Necr           0%         2d6       87%         3
 Agony                    Necr           0%         N/A       100%        5
 Summon Ice Beast         Ice/Summ       Unusable   N/A       N/A         4
 Simulacrum               Ice/Necr       Unusable   N/A       N/A         6

Dungeon Overview and Level Annotations

Branches:
Dungeon (10/15)            Temple (1/1) D:4             Orc (0/2) D:10
 Bailey (visited)
   Lair: D:8-11

Altars:
Ashenzari
Cheibriados
Dithmenos
Elyvilon
Fedhas
Gozag
Hepliaklqana
Kikubaaqudgha
Makhleb
Nemelex Xobeh
Okawaru
Qazlal
Ru
Sif Muna
Trog
Uskayaw
Vehumet
Wu Jian
Xom
Yredelemnul
Zin
The Shining One

Shops:
D:7 (


Innate Abilities, Weirdness & Mutations

You are immune to sickness and miasma.
Your stone body is resilient. (AC +8)
You are immune to poison.
You resist negative energy. (rN+)
You are resistant to electric shocks. (rElec)
You are resistant to unholy torment.
You are immune to petrification.


Message History

You kill the yak!
Okawaru accepts your kill.
You hit the yak. You drain the yak.
The yak is moderately wounded.
Unknown command.
You whack the yak!
The yak is moderately wounded.
You whack the yak!
The yak is heavily wounded.
Unknown command.
You whack the yak! You drain the yak.
The yak is almost dead.
The orc priest invokes the aid of Beogh against you.
Beogh smites you! The yak gores you but does no damage.
You whack the yak!
You kill the yak!
Okawaru accepts your kill.
Unknown command.
The yak gores you. The yak gores you! The yak gores you but does no damage.
The orc priest invokes the aid of Beogh against you.
Beogh smites you!
There is an open door, spattered with blood here.
You see here a yak corpse.
You whack the yak! You drain the yak.
The yak is severely wounded.
The yak completely misses you. The yak gores you. You block the yak's attack.
Unknown command.
You are too injured to fight recklessly!
You are too injured to fight recklessly!
Unknown command.
You are too injured to fight recklessly!
You hit the yak.
The yak is lightly wounded.
The yak gores you. The yak gores you!
* * * LOW HITPOINT WARNING * * *
The yak barely misses you.
Unknown command.
The orc priest calls down the wrath of Beogh upon you.
Beogh smites you!
You die...

###....#.....##..........#
....##.#......############
<......#..##..#......>...
.......#..##..#..oooo....
..............#.oooooo..⌠
......>.......#ooYoooo...
.).......#....#oYYYoo8...
........##....##8†8#####
........##......@........
.#.#.....#...##..........
.###....#................
..#........##............
#....##.....#..#.#####...
#... #..#.....#..# ...
...# ##......##..## ..
...#####.##....##..##.
.........##....#......


You could see 4 yaks, 2 orc warriors, 2 orc priests and 15 orcs.

Vanquished Creatures
  An orc warlord (Bailey)
  A boulder beetle (D:6)
  Maurice (D:8)
  A kobold demonologist (D:8)
  3 trolls
  A wraith (D:9)
  2 wyverns
  8 yaks (D:10)
  A steam dragon (D:4)
  Menkaure (D:4)
  3 water moccasins
  Duvessa (D:5)
  2 ice beasts
  4 orc warriors
  2 centaurs
  2 phantoms
  4 kobold brigands
  3 bullfrogs
  A scorpion (D:3)
  A gnoll sergeant (D:10)
  11 wights
  Dowan (D:5)
  4 killer bees (D:9)
  5 hounds
  2 gnoll boudas
  2 orc priests
  5 jellies
  3 iguanas (D:5)
  3 sleepcaps
  22 gnolls
  An adder (D:2)
  A shadow imp (D:7)
  3 white imps (D:6)
  3 ufetubi (D:5)
  A worm (D:3)
  2 dart slugs
  22 orcs
  6 bats
  7 endoplasms
  5 giant cockroaches
  17 goblins
  12 hobgoblins
  36 kobolds
  3 quokkas
  8 ball pythons
  6 rats
234 creatures vanquished.

Vanquished Creatures (others)
  An orc (D:4)
  A quokka (D:4)
2 creatures vanquished.

Grand Total: 236 creatures vanquished

Notes
Turn   | Place    | Note
-------+----------+-------------------------------------------
     0 | D:1      | Newt the Gargoyle Fighter began the quest for the Orb.
     0 | D:1      | Reached XP level 1. HP: 14/14 MP: 1/1
    69 | D:1      | Reached XP level 2. HP: 20/20 MP: 2/2
   818 | D:2      | Reached XP level 3. HP: 24/24 MP: 3/3
   874 | D:2      | Identified a scroll of acquirement
   880 | D:2      | Acquired 1018 gold pieces
   934 | D:2      | Reached skill level 5 in Fighting
   937 | D:2      | Reached skill level 1 in Throwing
   937 | D:2      | Reached XP level 4. HP: 11/31 MP: 4/4
  1664 | D:3      | Found a sacrificial altar of Ru.
  1776 | D:3      | Found a blossoming altar of Fedhas.
  2085 | D:3      | Found an ancient bone altar of Kikubaaqudgha.
  2266 | D:4      | Reached XP level 5. HP: 35/35 MP: 5/5
  2269 | D:4      | Identified the +9 dagger of the Charmed God {venom, rC+
                  | Str+4}
  2287 | D:4      | Reached XP level 6. HP: 9/40 MP: 6/6
  2288 | D:4      | Found a staircase to the Ecumenical Temple.
  2308 | D:3      | Reached skill level 1 in Axes
  2632 | D:4      | Reached XP level 7. HP: 17/44 MP: 7/7
  2803 | Temple   | Entered the Ecumenical Temple
  2812 | Temple   | Became a worshipper of Warmaster Okawaru
  2855 | D:4      | Found a hide-covered altar of Uskayaw.
  2894 | D:4      | Noticed a steam dragon
  2908 | D:4      | Killed a steam dragon
  2916 | D:4      | Noticed Menkaure
  3255 | D:4      | Killed Menkaure
  3558 | D:4      | Found a glowing silver altar of Zin.
  3857 | D:5      | Entered Level 5 of the Dungeon
  3857 | D:5      | Noticed Duvessa
  3857 | D:5      | Noticed Dowan
  3867 | D:5      | Killed Dowan
  3868 | D:5      | Killed Duvessa
  3868 | D:5      | Reached * piety under Okawaru
  3869 | D:5      | Reached XP level 8. HP: 49/49 MP: 8/8
  3974 | D:5      | Reached skill level 5 in Short Blades
  4202 | D:5      | Found a shadowy altar of Dithmenos.
  4908 | D:6      | Found an opulent altar of Gozag.
  4967 | D:6      | Reached ** piety under Okawaru
  5015 | D:6      | Reached XP level 9. HP: 47/54 MP: 9/9
  5057 | D:6      | Noticed a troll
  5070 | D:6      | Killed a troll
  5187 | D:6      | Found a stormy altar of Qazlal.
  5283 | D:6      | Noticed a boulder beetle
  5321 | D:6      | Reached skill level 5 in Armour
  5347 | D:6      | Killed a boulder beetle
  5347 | D:6      | Reached *** piety under Okawaru
  5348 | D:6      | Reached skill level 1 in Evocations
  5605 | D:7      | Found Vepteawk's Weapon Emporium.
  5612 | D:7      | Bought the +11 whip of Pacudisu {drain, rElec} for 882 gold
                  | pieces
  5871 | D:7      | Reached skill level 3 in Maces & Flails
  5955 | D:7      | Reached skill level 4 in Maces & Flails
  5985 | D:7      | Received a gift from Okawaru
  5998 | D:7      | Reached skill level 5 in Maces & Flails
  5998 | D:7      | Reached XP level 10. HP: 57/59 MP: 10/10
  6527 | D:8      | Reached skill level 6 in Maces & Flails
  6534 | D:8      | Reached **** piety under Okawaru
  6956 | D:8      | Noticed a kobold demonologist
  6970 | D:8      | Killed a kobold demonologist
  6971 | D:8      | Reached skill level 7 in Maces & Flails
  6987 | D:8      | Received a gift from Okawaru
  7010 | D:8      | Found a hazy altar of Hepliaklqana.
  7219 | D:8      | Noticed Maurice
  7228 | D:8      | Killed Maurice
  7229 | D:8      | Reached skill level 8 in Maces & Flails
  7573 | D:9      | Found a flagged portal.
  7631 | Bailey   | Entered a bailey
  7638 | Bailey   | Noticed an orc warlord
  7678 | Bailey   | Reached skill level 9 in Maces & Flails
  7688 | Bailey   | Received a gift from Okawaru
  7720 | Bailey   | Found a runed translucent gate.
  7722 | Bailey   | Found a runed translucent gate.
  7724 | Bailey   | Found a runed translucent gate.
  7910 | Bailey   | Killed an orc warlord
  7964 | Bailey   | Identified the +6 dagger "Sodghasm" {freeze, rN+ Int+4}
  8057 | D:9      | Acquired 853 gold pieces
  8338 | D:9      | Reached XP level 11. HP: 66/66 MP: 11/11
  8464 | D:10     | Entered Level 10 of the Dungeon
  8731 | D:10     | Reached ***** piety under Okawaru
  8831 | D:10     | Found a staircase to the Orcish Mines.
  8852 | D:10     | Killed from afar by an orc priest

Illustrated notes

Levels and vault maps discovered:
D:1:      dpeg_arrival_stonehenge_8_columns, layout_basic,
          minmay_misc_feat_cross
D:2:      layout_rooms, hangedman_decor_growths, lemuel_flame_loot_1
D:3:      layout_basic, fedhas_altar_1, kiku_gazebo_garden_becter,
          mainiacjoe_overflow_surrounded_room
D:4:      layout_basic, mainiacjoe_overflow_large_starburst,
          minmay_temple_entry_wispy, minmay_box_of_dots, uniq_menkaure
D:5:      layout_loops_ring, mainiacjoe_overflow_boulevard, uniq_duvessa
D:6:      layout_basic, nicolae_gozag_seed_capital,
          nicolae_qazlal_scattered_showers, kb_rosetta
D:7:      layout_loops_corners, serial_shops, shop,
          chequers_serial_rivers_large_b
D:8:      layout_loops_ring, lemuel_coloured_pillars_altar, uniq_maurice
D:9:      layout_irregular_city, enter_bailey_5
D:10:     layout_cave_pools, david_lair_generic, david_orc_5, hex_medium
Temple:   nicolae_temple_ecumenical_triangle

Skill      XL: |  1  2  3  4  5  6  7  8  9 10 11 |
---------------+----------------------------------+-----
Fighting       | 4 5 6 8 |  8.7
Throwing       | 1 3 4 |  4.0
Axes           | 3 |  3.4
Short Blades   | 4 7 8 |  8.0
Armour         | 7 |  7.0
Evocations     | 2 |  2.1
Maces & Flails | 5 9 |  9.6
Shields        | |  3.2

Action                     |  1- 3 |  4- 6 |  7- 9 | 10-12 || total
---------------------------+-------+-------+-------+-------++-------
  Melee: Flail             |    73 |    45 |       |       ||   118
         War axe           |       |    56 |     1 |       ||    57
         Dagger            |       |       |   251 |       ||   251
         Whip              |       |       |    55 |   276 ||   331
  Throw: Boomerang         |       |       |       |    15 ||    15
         Throwing net      |       |       |       |     1 ||     1
    Use: Scroll            |     5 |       |     2 |     5 ||    12
         Potion            |       |       |     1 |     3 ||     4
   Stab: Sleeping          |       |       |       |     1 ||     1
 Armour: Scale mail        |    41 |    41 |   109 |     7 ||   198
         Troll leather arm |       |       |       |    83 ||    83
  Dodge: Dodged            |    38 |    59 |   174 |   157 ||   428
  Block: Buckler           |    12 |    12 |    38 |    65 ||   127

Table legend: (Time is in decaauts)
 A = Elapsed time spent in this place.
 B = Non-inter-level travel time spent in this place.
 C = Inter-level travel time spent in this place.
 D = Time resting spent in this place.
 E = Time spent auto-exploring this place.
 F = Levels seen in this place.
 G = Mean time per level.
                   A        B        C        D        E       F      G
               +--------+--------+--------+--------+--------+-----+--------+
         Total |   8784 |   8566 |    218 |   1255 |   5792 |  12 |  732.0 |
       Dungeon |   8435 |   8227 |    208 |   1229 |   5608 |  10 |  843.5 |
        Temple |     18 |      9 |      9 |      0 |      0 |   1 |   18.0 |
        Bailey |    329 |    329 |      0 |     26 |    184 |   1 |  329.0 |
               +--------+--------+--------+--------+--------+-----+--------+

Top non-repeatable levels by time:
     D:3: 1472 daAuts
     D:4: 1006 daAuts
     D:7: 1001 daAuts
     D:8: 885 daAuts
     D:6: 868 daAuts
     D:1: 830 daAuts
     D:5: 727 daAuts
     D:9: 687 daAuts
     D:2: 594 daAuts
    D:10: 362 daAuts
  Bailey: 329 daAuts
  Temple: 18 daAuts
